 Dungeon Crawl Stone Soup version 0.21.1-1-g345015f (webtiles) character file.

4393 Mesmaeker13 the Nimble (level 10, -2/52 HPs)
             Began as a Deep Elf Ice Elementalist on Apr 8, 2018.
             Was a Follower of Sif Muna.
             Killed from afar by Harold (28 damage)
             ... with a bolt of fire
             ... on level 10 of the Dungeon.
             The game lasted 00:19:21 (8349 turns).

Mesmaeker13 the Nimble (Deep Elf Ice Elementalist)  Turns: 8349, Time: 00:19:22

Health: -2/52      AC:  8    Str:  7    XL:     10   Next: 13%
Magic:  32/32      EV: 19    Int: 22    God:    Sif Muna [*.....]
Gold:   440        SH:  8    Dex: 15    Spells: 10/23 levels left

rFire    . . .     SeeInvis .   k - +3 dagger (venom)
rCold    . . .     Gourm    .   j - +0 buckler
rNeg     . . .     Faith    .   a - +0 robe
rPois    .         Spirit   .   (no helmet)
rElec    .         Reflect  +   B - +2 cloak {+Inv}
rCorr    .         Harm     .   (no gloves)
MR       +....                  q - +2 pair of boots
Stlth    +++.......             z - +3 amulet of reflection
HPRegen  0.17/turn              w - ring of magical power
MPRegen  0.23/turn              C - ring of stealth

@: lethally poisoned (-2 -> -13), very slightly contaminated, slowed, very slow
A: no striking features
a: Divine Energy, Renounce Religion, Evoke Invisibility


You were on level 10 of the Dungeon.
You worshipped Sif Muna.
Sif Muna was aware of your devotion.
You were not hungry.

You visited 2 branches of the dungeon, and saw 11 of its levels.

You collected 440 gold pieces.

Inventory:

Hand Weapons
 k - a +3 dagger of venom (weapon)
 o - a +0 lajatang
 v - a +3 whip
Armour
 a - a +0 robe (worn)
 j - a +0 buckler (worn)
 q - a +2 pair of boots (worn)
 B - a +2 cloak of invisibility (worn)
Jewellery
 w - a ring of magical power (left hand)
 z - a +3 amulet of reflection (around neck)
 C - a ring of stealth (right hand)
 E - an uncursed amulet of guardian spirit {unknown}
Wands
 s - a wand of clouds (3)
 x - a wand of flame (8)
 G - a wand of acid (7)
Scrolls
 i - a scroll of magic mapping
 m - 3 scrolls of teleportation
 n - 2 scrolls of enchant armour
 r - a scroll of amnesia
Potions
 d - 5 potions of curing
 e - 5 potions of lignification
 f - 3 potions of mutation {unknown}
 g - 4 potions of heal wounds
 l - a potion of brilliance {unknown}
 p - a potion of cancellation {unknown}
 t - 2 potions of agility {unknown}
 A - 2 potions of haste {unknown}
 D - a potion of might {unknown}
 H - a potion of degeneration {unknown}
 I - a potion of resistance {unknown}
Books
 b - a book of Frost

   Spells                             Type                      Level
   a - Freeze                         Ice                          1
   b - Throw Frost                    Conjuration/Ice              2
   c - Ozocubu's Armour               Charms/Ice                   3
   d - Throw Icicle                   Conjuration/Ice              4
   e - Summon Ice Beast               Ice/Summoning                4
 F - a book of Geomancy

   Spells                             Type                      Level
   a - Sandblast                      Earth                        1
   b - Passwall                       Transmutation/Earth          2
   c - Stone Arrow                    Conjuration/Earth            3
   d - Petrify                        Transmutation/Earth          4
   e - Lee's Rapid Deconstruction     Earth                        5
Comestibles
 c - 21 rations


   Skills:
 + Level 1.2 Fighting
 + Level 9.9 Dodging
 - Level 2.4 Stealth
 - Level 4.0 Shields
 - Level 7.4 Spellcasting
 - Level 6.0 Conjurations
 + Level 9.4 Ice Magic
 + Level 1.7 Earth Magic


You had 10 spell levels left.
You knew the following spells:

 Your Spells              Type           Power        Failure   Level  Hunger
a - Freeze                Ice            ####         1%          1    None
b - Throw Frost           Conj/Ice       #####.       1%          2    None
c - Ozocubu's Armour      Chrm/Ice       ####....     3%          3    None
d - Throw Icicle          Conj/Ice       #####...     3%          4    ###....
e - Stone Arrow           Conj/Erth      ####..       4%          3    None


Dungeon Overview and Level Annotations

Branches:
Dungeon (11/15)            Temple (1/1) D:7             Orc (0/2) D:11
   Lair: D:8-11

Altars:
Ashenzari
Cheibriados
Dithmenos
Elyvilon
Gozag
Qazlal
Sif Muna
Trog
Yredelemnul

Portals:
Bazaar: D:11

Annotations:
D:3 Curus's ghost, amateur MiGl
D:6 Supreme's ghost, amateur TeAE
D:10 Harold
D:11 Erica; Sonja


Message History

Harold hits you with a battleaxe of venom!!
You are poisoned.
The orc shouts!
You climb upwards.
The two-headed ogre shouts in stereo!
A hound and a worker ant come into view.
You feel sick.
The hound barks!
The worker ant twitches its antennae in your direction.
Found a ration and a war axe.
Found a stone staircase leading up and a stone staircase leading down.
There is a stone staircase leading down here.
You feel sick.
Harold throws a throwing net.
The throwing net barely misses you. The hound completely misses you.
There is a stone staircase leading up here.
Magic restored.
You feel sick. The hound bites you but does no damage.
Harold gestures at you while chanting. The bolt of fire hits you!
Ouch! That really hurt!
You die...

.###############
........(..a....
................
)......h........
....>...@O......
.......>..%.....
........@.......
################


You could see Harold, a two-headed ogre, a hound and a worker ant.

Vanquished Creatures
  A two-headed ogre (D:8)
  Maurice (D:8)
  A hippogriff (D:8)
  A spriggan (D:7)
  A human (D:7)
  A wyvern (D:8)
  A water moccasin (D:8)
  2 orc warriors
  2 phantoms
  3 ogres
  2 ice beasts
  An eye of draining (D:5)
  3 centaurs
  A crocodile (D:8)
  A wyvern zombie (D:8)
  3 bullfrogs (D:6)
  2 scorpions (D:5)
  A killer bee (D:11)
  2 howler monkeys
  3 crimson imps
  2 jellies
  7 hounds
  A gnoll shaman (D:7)
  An orc priest (D:6)
  2 bullfrog skeletons
  6 orc wizards
  A human skeleton (D:7)
  2 iguanas
  3 worker ants
  2 worker ant zombies
  5 gnolls
  A howler monkey skeleton (D:4)
  7 adders
  A shadow imp (D:8)
  3 oozes
  An adder skeleton (D:4)
  3 worms
  2 dart slugs
  3 leopard geckos
  17 orcs
  4 bats
  4 giant cockroaches
  5 goblins
  8 hobgoblins
  10 jackals
  3 quokkas
  7 frilled lizards
  A jackal zombie (D:7)
  6 kobolds
  A quokka zombie (D:7)
  4 rats
156 creatures vanquished.

Notes
Turn   | Place    | Note
-------+----------+-------------------------------------------
     0 | D:1      | Mesmaeker13 the Deep Elf Ice Elementalist began the quest for the Orb.
     0 | D:1      | Reached XP level 1. HP: 10/10 MP: 6/6
   175 | D:1      | Reached XP level 2. HP: 12/15 MP: 6/8
   924 | D:1      | Reached XP level 3. HP: 19/19 MP: 9/9
  1013 | D:2      | Learned a level 2 spell: Throw Frost
  1555 | D:2      | Reached XP level 4. HP: 22/24 MP: 10/10
  1886 | D:3      | Noticed Curus's ghost (amateur MiGl)
  2097 | D:4      | Reached XP level 5. HP: 28/28 MP: 5/11
  2107 | D:4      | Learned a level 3 spell: Ozocubu's Armour
  2186 | D:4      | Found a white marble altar of Elyvilon.
  2223 | D:4      | Reached skill level 1 in Shields
  2300 | D:4      | Noticed a phantom
  2927 | D:4      | Reached skill level 5 in Ice Magic
  2937 | D:5      | Entered Level 5 of the Dungeon
  2955 | D:5      | Noticed an ogre
  2979 | D:5      | Killed an ogre
  2979 | D:5      | Reached XP level 6. HP: 32/32 MP: 0/12
  3015 | D:5      | Reached skill level 5 in Dodging
  3433 | D:5      | Reached XP level 7. HP: 32/36 MP: 11/13
  4285 | D:5      | Found a bloodstained altar of Trog.
  4394 | D:5      | Reached XP level 8. HP: 41/41 MP: 0/14
  4685 | D:6      | Learned a level 4 spell: Throw Icicle
  4786 | D:6      | Reached skill level 5 in Conjurations
  4801 | D:6      | Found a stormy altar of Qazlal.
  5498 | D:6      | Noticed Supreme's ghost (amateur TeAE)
  5940 | D:7      | Found a runed door.
  6085 | D:7      | Found a basalt altar of Yredelemnul.
  6200 | D:7      | Reached XP level 9. HP: 15/45 MP: 14/17
  6509 | D:7      | Found a staircase to the Ecumenical Temple.
  6523 | Temple   | Entered the Ecumenical Temple
  6534 | Temple   | Became a worshipper of Sif Muna the Loreminder
  7014 | D:7      | Reached skill level 5 in Spellcasting
  7082 | D:8      | Noticed Maurice
  7173 | D:8      | Killed Maurice
  7193 | D:8      | Learned a level 3 spell: Stone Arrow
  7285 | D:8      | Reached * piety under Sif Muna
  7543 | D:8      | Noticed a two-headed ogre
  7607 | D:8      | Killed a two-headed ogre
  7714 | D:8      | Found a white marble altar of Elyvilon.
  7817 | D:8      | Reached XP level 10. HP: 42/51 MP: 15/23
  7960 | D:8      | Reached skill level 1 in Earth Magic
  8016 | D:8      | Reached skill level 1 in Fighting
  8269 | D:8      | You fall through a shaft for 3 floors!
  8290 | D:11     | Noticed Sonja
  8325 | D:11     | Noticed Erica
  8327 | D:11     | Found a flickering gateway to a bazaar.
  8343 | D:11     | Noticed Harold
  8347 | D:10     | Entered Level 10 of the Dungeon
  8347 | D:10     | Noticed a two-headed ogre
  8349 | D:10     | Killed from afar by Harold

Skill      XL: |  1  2  3  4  5  6  7  8  9 10 |
---------------+-------------------------------+-----
Dodging        | 3 4 5 6 7 9 |  9.9
Ice Magic      | 4 5 6 7 9 |  9.4
Conjurations   | 2 3 4 6 |  6.0
Shields        | 1 2 3 4 |  4.0
Spellcasting   | 4 7 |  7.4
Earth Magic    | 1 |  1.7
Fighting       | 1 |  1.2
Stealth        | |  2.4

Action                   |  1- 3 |  4- 6 |  7- 9 | 10-12 || total
-------------------------+-------+-------+-------+-------++-------
Melee: Unarmed           |     4 |       |       |       ||     4
       Dagger            |    18 |   101 |   134 |    17 ||   270
 Cast: Freeze            |    37 |    32 |   127 |    19 ||   215
       Throw Frost       |     6 |    16 |    62 |     9 ||    93
       Ozocubu's Armour  |       |     1 |     5 |       ||     6
       Stone Arrow       |       |       |     4 |     8 ||    12
Evoke: Wand              |       |    11 |    11 |       ||    22
  Use: Scroll            |     1 |     5 |     7 |     8 ||    21
       Potion            |       |       |       |     1 ||     1
 Stab: Sleeping          |     7 |     3 |     6 |       ||    16
       Confused          |       |       |     2 |       ||     2
  Eat: Chunk             |     2 |     7 |    11 |       ||    20
       Ration            |       |       |     2 |       ||     2
Armor: Robe              |     6 |    26 |    31 |     8 ||    71
Dodge: Dodged            |    23 |    82 |   151 |    39 ||   295
Block: Buckler           |       |       |    25 |    25 ||    50
       Reflection        |       |       |     2 |     2 ||     4
